 Dungeon Crawl Stone Soup version 0.30.1-11-g7821555f0a (webtiles) character file.

Game seed: 14303771895849359878

102 Destapler the Ruffian (level 4, 0/44 HPs)
             Began as a Troll Monk on Dec 25, 2023.
             Constricted to death by Ijyb (4 damage)
             ... on level 3 of the Dungeon.
             The game lasted 00:02:47 (1470 turns).

Destapler the Ruffian (Troll Monk)                  Turns: 1470, Time: 00:02:48

Health: 0/44       AC:  4    Str: 19    XL:     4   Next: 50%
Magic:  3/3        EV:  7    Int:  6    God:
Gold:   103        SH:  0    Dex: 14    Spells: 3/3 levels left

rFire   . .          .
                       - Unarmed
rCold   . . .        (no shield)
rNeg    . . .        a - +0 robe
rPois   .            (helmet restricted)
rElec   .            (no cloak)
rCorr   .            (gloves unavailable)
SInv    .            (boots unavailable)
Will    .....        (no amulet)
Stlth   +            (no ring)
HPRegen 1.07/turn    (no ring)
MPRegen 0.08/turn

%: no passive effects
@: lethally poisoned (0 -> -1), grasped by roots, constricted
A: large, unfitting armour, claws 3, regeneration 1, shaggy fur 1, tough skin 1
a: no special abilities


You were on level 3 of the Dungeon.
You visited 1 branch of the dungeon, and saw 4 of its levels.

You collected 125 gold pieces.
You spent 22 gold pieces at shops.

Inventory:

Missiles
 d - 3 boomerangs (quivered)
Armour
 a - a +0 robe (worn)
 c - an orb of light
Jewellery
 l - a ring of resist corrosion
Scrolls
 e - a scroll of blinking {unknown}
 g - 4 scrolls of identify
 i - a scroll of enchant weapon {unknown}
 m - a scroll of enchant armour {unknown}
 n - a scroll of acquirement {unknown}
 o - a scroll of teleportation {unknown}
Potions
 b - a potion of ambrosia
 f - a potion of might {unknown}
 h - a potion of curing {unknown}
 j - a potion of haste {unknown}
 k - a potion of heal wounds {unknown}
 p - a potion of magic {unknown}


   Skills:
 + Level 2.9 Fighting
 + Level 1.3 Throwing
 + Level 1.3 Armour
 + Level 2.9 Dodging
 + Level 3.5 Unarmed Combat


You had 3 spell levels left.
You didn't know any spells.
Your spell library contained the following spells:

 Spells                   Type           Power      Damage    Failure   Level
 Beastly Appendage        Tmut           0%         N/A       45%         1
 Wereblood                Tmut           0%         N/A       58%         2
 Gell's Gravitas          Tloc           0%         N/A       83%         3
 Spider Form              Tmut/Pois      0%         N/A       83%         3
 Summon Guardian Golem    Hex/Summ       0%         N/A       83%         3
 Teleport Other           Tloc           0%         N/A       83%         3
 Dispersal                Tloc           0%         N/A       100%        6
 Orb of Destruction       Conj           0%         9d5       100%        7
 Spellforged Servitor     Conj/Summ      0%         N/A       100%        7


Dungeon Overview and Level Annotations

Branches:
Dungeon (4/15)
 Temple: D:4-7

Altars:
Hepliaklqana

Shops:
D:2 ?

Annotations:
D:3 Ijyb


Innate Abilities, Weirdness & Mutations

You are too large for most types of armour.
You have claws for hands.
Your natural rate of healing is unusually fast.
You are covered in fur. (AC +1)
You have tough skin. (AC +1)


Message History

The adder is unaffected.
The quokka is unaffected.
Ijyb is unaffected.
The grasping roots constrict you.
* * * LOW HITPOINT WARNING * * *
The quokka completely misses you.
You hear a shout!
You claw Ijyb!
Ijyb is moderately wounded.
The adder bites you.
* * * LOW HITPOINT WARNING * * *
You are poisoned.
The adder poisons you!
The quokka bites you but does no damage.
Ijyb barely misses you. The grasping roots constrict you.
* * * LOW HITPOINT WARNING * * *
The giant cockroach bites you but does no damage.
You scratch Ijyb.
Ijyb is heavily wounded.
You feel sick. The adder closely misses you.
The quokka bites you but does no damage.
The giant cockroach barely misses you. Ijyb hits you with a +0 dagger.
* * * LOW HITPOINT WARNING * * *
The grasping roots constrict you.
* * * LOW HITPOINT WARNING * * *
The adder bites you but does no damage.
You scratch Ijyb.
Ijyb is heavily wounded.
You feel sick. The quokka bites you.
* * * LOW HITPOINT WARNING * * *
The giant cockroach bites you but does no damage.
The adder bites you but does no damage. Ijyb hits you but does no damage.
The grasping roots constrict you.
* * * LOW HITPOINT WARNING * * *
You scratch Ijyb but do no damage.
Ijyb is heavily wounded.
The quokka bites you but does no damage.
The giant cockroach bites you but does no damage.
The adder bites you.
* * * LOW HITPOINT WARNING * * *
Ijyb barely misses you. The grasping roots constrict you.
You die...

#... ... ..
.... .. ... #
... .. .... ..
..##.##.... ...
..#.#... . ....
.....# ..
.....##g..##...
#.....S@r......
#.#..##.B.##...
#.#..#.....#
#.##...#.#...#
#.##..##.##..#
##...#.......##
#...........##
#.......#####
#.......#


You could see Ijyb, an adder, a quokka and a giant cockroach.

Vanquished Creatures
  A scorpion (D:4)
  An adder (D:3)
  A dart slug (D:1)
  An orc (D:4)
  3 bats (D:1)
  An endoplasm (D:2)
  3 hobgoblins
  2 kobolds (D:1)
  A quokka (D:1)
  4 ball pythons
  A frilled lizard (D:1)
  6 goblins
  3 rats
28 creatures vanquished.

Notes
Turn   | Place    | Note
-------+----------+-------------------------------------------
     0 | D:1      | Destapler the Troll Monk began the quest for the Orb.
     0 | D:1      | Reached XP level 1. HP: 22/22 MP: 0/0
   217 | D:1      | Reached XP level 2. HP: 29/29 MP: 1/1
   894 | D:2      | Found Cixotuas's Magic Scroll Shoppe.
   897 | D:2      | Bought a scroll of identify for 22 gold pieces
  1196 | D:2      | You fall into a shaft and drop 2 floors!
  1326 | D:4      | Noticed a scorpion
  1332 | D:4      | Killed a scorpion
  1333 | D:4      | Reached skill level 1 in Throwing
  1333 | D:4      | Reached skill level 1 in Armour
  1333 | D:4      | Reached XP level 3. HP: 36/36 MP: 2/2
  1333 | D:4      | Reached XP level 4. HP: 44/44 MP: 3/3
  1456 | D:3      | Found a hazy altar of Hepliaklqana.
  1458 | D:3      | Noticed Ijyb
  1470 | D:3      | Constricted to death by Ijyb

Illustrated notes

Levels and vault maps discovered:
D:1:      psy_arrival_radial02, layout_basic, minmay_misc_feat_columns,
          st_stairs_1, minmay_pentomino_x2
D:2:      layout_basic, serial_shops, shop, uniq_jessica
D:3:      layout_basic, mainiacjoe_overflow_small_starburst,
          kennysheep_cluttered_room, uniq_ijyb, uniq_grinder
D:4:      layout_basic, minmay_misc_feat_pillars

Skill      XL: |  1  2 |
---------------+-------+-----
Throwing       | 1 |  1.3
Armour         | 1 |  1.3
Fighting       | |  2.9
Dodging        | |  2.9
Unarmed Combat | |  3.5

Action                     |  1- 3 |  4- 6 || total
---------------------------+-------+-------++-------
  Melee: Unarmed           |    56 |    19 ||    75
         Punch             |     1 |       ||     1
 Armour: Robe              |    21 |    14 ||    35
  Dodge: Dodged            |    23 |     8 ||    31
